 Dungeon Crawl Stone Soup version 0.18-a0-946-g3ac5b32 (webtiles) character file.

11134 tof the Markscentaur (level 11, 0/84 HPs)
             Began as a Centaur Hunter on Dec 29, 2015.
             Was an Elder of Pakellas.
             Killed from afar by Frances (26 damage)
             ... with an iron shot
             ... on level 13 of the Dungeon.
             The game lasted 01:34:19 (14696 turns).

tof the Markscentaur (Centaur Hunter)              Turns: 14696, Time: 01:34:19

Health: 0/84       AC: 16    Str: 10    XL:     11   Next: 45%
Magic:  9/12       EV: 10    Int: 10    God:    Pakellas [****..]
Gold:   259        SH:  0    Dex: 17    Spells: 1 memorised, 10 levels left

rFire  + . .     SeeInvis .     a - +9 rod of destruction (2/17)
rCold  . . .     Gourm    .     X - +2 ring mail {MR+}
rNeg   . . .     Faith    .     (no shield)
rPois  .         Spirit   .     q - +1 helmet
rElec  .         Dismiss  .     l - +1 cloak
rCorr  .         Reflect  .     y - +1 pair of gloves
SustAt +         Harm     .     (no barding)
MR     +....                    c - amulet of regeneration
Stlth  ++........               u - ring of the Shining Light {rF+ AC+1 Str-5 Dex+4 Stlth+}
                                p - ring of sustain attributes

@: very quick, somewhat resistant to hostile enchantments, unstealthy
A: hooves 3, icy blue scales 1, blink, deformed body, speed 2, tough skin 3
a: Blink, Quick Charge, Device Surge, Renounce Religion


You were on level 13 of the Dungeon.
You worshipped Pakellas.
Pakellas was greatly pleased with you.
You were not hungry.

You visited 1 branch of the dungeon, and saw 13 of its levels.

You collected 506 gold pieces.
You spent 247 gold pieces at shops.

Inventory:

Hand Weapons
 b - a +2 shortbow of velocity
 x - a +0 dagger of draining
 D - a +1 shortbow of freezing
 P - a +4 shortbow
Missiles
 G - 7 arrows of frost
 M - 71 arrows
Armour
 l - a +1 cloak (worn)
 q - a +1 helmet (worn)
 y - a +1 pair of gloves (worn)
 X - a +2 ring mail of magic resistance (worn)
Rods
 a - a +9 rod of destruction (2/17) (weapon)
   (Pakellas gifted it to you on level 8 of the Dungeon)
Jewellery
 c - an amulet of regeneration (around neck)
 n - an uncursed ring of ice
 p - a ring of sustain attributes (left hand)
 u - the ring of the Shining Light (right hand) {rF+ AC+1 Str-5 Dex+4 Stlth+}
   (You bought it in a shop on level 6 of the Dungeon)

   [ring of protection]

   It affects your AC (+1).
   It affects your strength (-5).
   It affects your dexterity (+4).
   It protects you from fire.
   It makes you more stealthy.
 w - an uncursed ring of protection from magic
 O - a +4 amulet of reflection
 Q - an uncursed amulet of faith
Wands
 k - a wand of confusion (15/48)
 o - a wand of disintegration (1/24)
 A - a wand of fireball (14/15)
 H - a wand of draining (7/15)
 J - a wand of slowing (27/48)
 L - a wand of draining (5/15)
Scrolls
 d - a scroll of magic mapping {unknown}
 g - 2 scrolls of teleportation
 i - 3 scrolls of identify
 s - a scroll of recharging
 E - 2 scrolls of fear {unknown}
 N - 3 scrolls of remove curse
 R - a scroll of blinking {unknown}
 S - a scroll of silence {unknown}
Potions
 e - a potion of degeneration {unknown}
 j - a potion of poison {unknown}
 m - a potion of heal wounds {unknown}
 r - 3 potions of might
 t - 4 potions of curing
 v - 2 potions of agility {unknown}
 z - 2 potions of invisibility
 B - a potion of berserk rage {unknown}
 C - a potion of flight {unknown}
 F - a potion of haste {unknown}
 U - a potion of magic {unknown}
 W - a potion of ambrosia {unknown}
 Z - a potion of resistance {unknown}
Comestibles
 f - a bread ration
 I - 3 chunks of flesh
 K - 17 fruits
 T - 4 meat rations
 V - 7 slices of pizza


   Skills:
 + Level 4.0 Fighting
 + Level 1.5 Short Blades
 + Level 1.2 Maces & Flails
 * Level 17.8 Bows
 + Level 4.0 Armour
 + Level 3.7 Dodging
 * Level 4.7 Stealth
 + Level 0.8 Spellcasting
 + Level 1.3 Necromancy
 + Level 2.4 Evocations


You had 10 spell levels left.
You knew the following spells:

 Your Spells              Type           Power        Failure   Level  Hunger
a - Animate Skeleton      Necr           N/A          52%         1    ##.....


Dungeon Overview and Level Annotations

Branches:
Dungeon (13/15)            Temple (0/1) D:6            Lair (0/8) D:8
    Orc (0/2) D:11
 Vaults: D:13-14

Altars:
Cheibriados
Dithmenos
Elyvilon
Fedhas
Kikubaaqudgha
Makhleb
Nemelex Xobeh
Pakellas
Qazlal
Ru
Trog
Vehumet
Xom
Zin
The Shining One

Shops:
D:6 =   D:8 :

Annotations:
D:12 Kirke
D:13 Frances


Innate Abilities, Weirdness & Mutations

You have hooves in place of feet.
Armour fits poorly on your strangely shaped body.
You cover ground very quickly.
You have extremely tough skin (AC +3).
You are partially covered in icy blue scales (AC +1).
You can translocate small distances at will.


Message History

Zapping:
k - a wand of confusion (16/48)
Press: ? - help, Shift-Dir - straight line, f/p - Frances
Aim: Frances, wielding a dire flail and wearing a glowing leather armour (heavily wounded, chance to defeat MR: 2%) Frances resists with almost no effort.
This wand has 15 charges left.
Frances hits you with a dire flail!!
* * * LOW HITPOINT WARNING * * *
Evoke which item? (* to show all) (? for menu, Esc to quit)
Zapping:
o - a wand of disintegration (3/24)
Press: ? - help, Shift-Dir - straight line, f/p - Frances
Aim: Frances, wielding a dire flail and wearing a glowing leather armour (heavily wounded, chance to defeat MR: 11%) Frances resists with almost no effort.
This wand has 2 charges left.
Frances hits you but does no damage.
Evoke which item? (* to show all) (? for menu, Esc to quit)
Zapping:
o - a wand of disintegration (2/24)
Press: ? - help, Shift-Dir - straight line, f/p - Frances
Aim: Frances, wielding a dire flail and wearing a glowing leather armour (heavily wounded, chance to defeat MR: 11%) Frances resists with almost no effort.
This wand has 1 charge left.
Frances screams a word of power!
The iron shot hits you!
You die...

#.## #..#
#..# ..#
..# #.#
#.#
#.#####
#.@@.(#
#.....(...
#......(..
#.........
#........(
#.........
........##
.###....#


You could see Frances.

Vanquished Creatures
  A hydra (D:10)
  A death knight (D:11)
  A hill giant (D:11)
  Maurice (D:8)
  A komodo dragon (D:8)
  3 trolls
  A two-headed ogre (D:11)
  A trapdoor spider zombie (D:10)
  8 yaks
  2 vampires
  2 wyverns
  2 hungry ghosts
  Menkaure (D:4)
  3 hippogriffs (D:7)
  An ice beast (D:9)
  5 orc warriors
  A phantom (D:9)
  3 sky beasts
  An eye of draining (D:8)
  2 black bears
  A wasp (D:12)
  5 ogres
  5 centaurs
  3 big kobolds (D:10)
  5 giant frogs
  A wyvern zombie (D:11)
  4 scorpions
  4 crimson imps
  4 wights (D:8)
  A giant frog zombie (D:9)
  A centaur zombie (D:11)
  2 giant frog skeletons
  7 hounds
  5 orc priests
  3 centaur skeletons
  2 jellies
  Crazy Yiuf (D:7)
  A quasit (D:7)
  Terence (D:2)
  3 iguanas
  13 worker ants
  9 orc wizards
  2 sheep (D:10)
  A hound skeleton (D:5)
  11 adders
  6 gnolls
  3 shadow imps
  2 oozes
  An adder skeleton (D:5)
  An adder zombie (D:8)
  2 worms
  5 giant geckos
  45 orcs
  6 bats
  4 giant cockroaches
  13 goblins
  13 hobgoblins
  12 jackals
  4 quokkas
  A ball python (D:2)
  3 giant newts
  A jackal zombie (D:8)
  11 kobolds
  5 rats
  2 plants (D:10)
276 creatures vanquished.

Vanquished Creatures (collateral kills)
  A water moccasin zombie (D:6)
  A quokka (D:6)
2 creatures vanquished.

Vanquished Creatures (others)
  A jelly (D:10)
  A plant (D:8)
2 creatures vanquished.

Grand Total: 280 creatures vanquished

Notes
Turn   | Place    | Note
--------------------------------------------------------------
     0 | D:1      | tof the Centaur Hunter began the quest for the Orb.
     0 | D:1      | Reached XP level 1. HP: 17/17 MP: 1/1
    35 | D:1      | Reached XP level 2. HP: 24/24 MP: 2/2
   179 | D:1      | Reached skill level 6 in Bows
   689 | D:2      | Reached XP level 3. HP: 29/29 MP: 3/3
   887 | D:2      | Found an oddly glowing altar of Pakellas.
   893 | D:2      | Noticed Terence
   954 | D:2      | Killed Terence
  1284 | D:2      | Became a worshipper of Pakellas the Inventive
  1364 | D:2      | Found a shadowy altar of Dithmenos.
  1486 | D:3      | Reached XP level 4. HP: 36/36 MP: 4/4
  1614 | D:2      | Reached skill level 7 in Bows
  2520 | D:3      | Reached * piety under Pakellas
  3071 | D:4      | Reached XP level 5. HP: 27/41 MP: 5/5
  3080 | D:4      | Reached skill level 8 in Bows
  3279 | D:4      | Noticed Menkaure
  3288 | D:4      | Killed Menkaure
  3288 | D:4      | Reached skill level 9 in Bows
  3288 | D:4      | Reached skill level 1 in Armour
  3288 | D:4      | Reached XP level 6. HP: 48/48 MP: 6/6
  3464 | D:4      | Found an ancient bone altar of Kikubaaqudgha.
  3466 | D:4      | Found a white marble altar of Elyvilon.
  3469 | D:4      | Found a bloodstained altar of Trog.
  3470 | D:4      | Found a radiant altar of Vehumet.
  3471 | D:4      | Found a stormy altar of Qazlal.
  3473 | D:4      | Found a snail-covered altar of Cheibriados.
  3474 | D:4      | Found a sacrificial altar of Ru.
  3475 | D:4      | Found a blossoming altar of Fedhas.
  3706 | D:5      | Entered Level 5 of the Dungeon
  4439 | D:5      | Reached ** piety under Pakellas
  4439 | D:5      | Received a gift from Pakellas
  4595 | D:5      | Reached skill level 10 in Bows
  4595 | D:5      | Reached XP level 7. HP: 55/55 MP: 7/7
  5041 | D:6      | Learned a level 1 spell: Animate Skeleton
  5122 | D:6      | Reached skill level 11 in Bows
  5312 | D:6      | Found a staircase to the Ecumenical Temple.
  5493 | D:6      | Reached *** piety under Pakellas
  5618 | D:6      | Reached XP level 8. HP: 61/61 MP: 1/9
  5699 | D:6      | Reached skill level 12 in Bows
  5699 | D:6      | Reached skill level 1 in Necromancy
  5746 | D:6      | Found Cykitofokk's Jewellery Boutique.
  5752 | D:6      | Bought the ring of the Shining Light {rF+ AC+1 Str-5 Dex+4 Stlth+} for 247 gold pieces
  6109 | D:7      | Reached skill level 1 in Stealth
  6854 | D:7      | Noticed Crazy Yiuf
  6857 | D:7      | Killed Crazy Yiuf
  7562 | D:7      | Reached skill level 13 in Bows
  7610 | D:7      | Found a sparkling altar of Nemelex Xobeh.
  7610 | D:7      | Found a glowing golden altar of the Shining One.
  7784 | D:7      | Reached skill level 1 in Short Blades
  7784 | D:7      | Reached XP level 9. HP: 66/68 MP: 10/10
  7895 | D:8      | Noticed Maurice
  8594 | D:8      | Found Loubboji's Book Shoppe.
  8606 | D:8      | Killed Maurice
  8736 | D:8      | Reached **** piety under Pakellas
  8736 | D:8      | Received a gift from Pakellas
  8749 | D:8      | Identified a +9 rod of destruction (13/13) (Pakellas gifted it to you on level 8 of the Dungeon)
  9182 | D:8      | Reached skill level 14 in Bows
  9455 | D:8      | Noticed a komodo dragon
  9476 | D:8      | Killed a komodo dragon
  9552 | D:8      | Found a staircase to the Lair.
  9970 | D:9      | Noticed an angel
  9971 | D:9      | Found a glowing silver altar of Zin.
  9973 | D:9      | Found a shimmering altar of Xom.
 10124 | D:9      | Reached XP level 10. HP: 5/77 MP: 11/11
 10738 | D:9      | Reached skill level 15 in Bows
 10738 | D:9      | Reached skill level 1 in Evocations
 10871 | D:9      | Gained mutation: You are partially covered in icy blue scales (AC +1). [mutagenic meat]
 10872 | D:9      | Gained mutation: You can translocate small distances at will. [mutagenic meat]
 11271 | D:9      | Found a shimmering altar of Xom.
 11415 | D:10     | Entered Level 10 of the Dungeon
 11674 | D:10     | Noticed a two-headed hydra
 11679 | D:10     | Killed a two-headed hydra
 11679 | D:10     | Reached skill level 16 in Bows
 11693 | D:10     | Got a slimy halberd
 11694 | D:10     | Identified the +8 halberd of Descent {flame, MR+ MP+9} (You found it on level 10 of the Dungeon)
 12884 | D:11     | Found a staircase to the Orcish Mines.
 12924 | D:11     | Reached skill level 1 in Maces & Flails
 12924 | D:11     | Reached skill level 17 in Bows
 12951 | D:11     | Reached XP level 11. HP: 17/83 MP: 6/12
 13081 | D:11     | Found a burning altar of Makhleb.
 13426 | D:11     | Found a labyrinth entrance.
 13426 | D:11     | Noticed a hill giant
 13457 | D:11     | Killed a hill giant
 14062 | D:11     | Noticed a death knight
 14201 | D:11     | Killed a death knight
 14522 | D:12     | Noticed Kirke
 14679 | D:13     | Noticed Frances
 14696 | D:13     | Killed from afar by Frances

Vault maps used:
D:1:      mrwooster_arrival_statue_2, nrook_mini_vaults, amethyst_killhole,
          kennysheep_another_room, corner_web_ring
D:2:      grunt_pakellas_mercury, nicolae_dithmenos_through_a_glass_darkly,
          first_bread, kennysheep_nondescript, uniq_terence
D:3:      kennysheep_pointless_box, hangedman_decor_push,
          hangedman_feature_mirror, roderic_lattice_a, grunt_ministairs_6
D:4:      minitemple, hex_medium, uniq_menkaure
D:5:      grunt_ministairs_12
D:6:      corexii_shantytown, minmay_temple_entry_junction, serial_shops, shop
D:7:      gammafunk_temple_overflow_wave, uniq_crazy_yiuf_cottage
D:8:      david_lair_shrubbed, serial_shops, shop_statue, uniq_maurice
D:9:      grunt_temple_overflow_order_and_chaos_1, basic_altar,
          grunt_decor_one_mirror
D:10:     hangedman_ranch, lemuel_flame_loot_1
D:11:     orc_0_dummy, basic_altar, lab_entry_generic, minmay_stone_trees_medium
D:12:     uniq_kirke, uniq_josephine
D:13:     serial_shops, kennysheep_mini, uniq_frances

Action                   |  1- 3 |  4- 6 |  7- 9 | 10-12 || total
-------------------------+-------+-------+-------+-------++-------
Melee: Short sword       |    14 |    26 |       |       ||    40
       Dagger            |       |       |   260 |       ||   260
       Rod               |       |       |    46 |   169 ||   215
 Fire: Shortbow          |    85 |   224 |   318 |   290 ||   917
 Cast: Animate Skeleton  |       |       |     6 |       ||     6
Invok: Quick Charge      |       |       |     2 |     7 ||     9
Evoke: Wand              |       |     1 |     4 |    26 ||    31
       Rod               |       |       |     7 |    31 ||    38
  Use: Scroll            |       |     9 |     9 |     6 ||    24
       Potion            |       |       |       |     4 ||     4
 Stab: Confused          |       |       |       |     7 ||     7
  Eat: Meat ration       |     1 |       |     1 |     1 ||     3
       Chunk             |       |     2 |     7 |     9 ||    18
       Beef jerky        |       |     1 |     1 |       ||     2
       Bread ration      |       |       |     2 |     2 ||     4
